Map: [G8] Royal Blood

Players

Elazer

  • Race: Zerg Zerg
  • Spawn Location: 7:00

Spirit - Winner!

  • Race: Terran Terran
  • Spawn Location: 1:00

Event: Gamers8 2023

VOD

Have the link to the VOD?

Description

Time

  • Played on: Aug. 4, 2023, 8:22 a.m.
  • Length: 35:23

All games in this series

Show
View Real Time Build Order
Export as new Build Order

Elazer Zerg 

Build Orders: Hatch First, Lurkers 

Get SALT Encoding   

  12  0:00  Drone  
  13  0:12  Overlord  
  13  0:16  Drone  
  14  0:30  Drone x2  
  16  0:46  Hatchery  
  16  0:50  Drone  
  16  0:53  Drone  
  18  0:57  Drone  
  18  1:07  Extractor  
  17  1:12  Spawning Pool  
  17  1:15  Drone  
  17  1:18  Drone  
  18  1:27  Drone  
  19  1:38  Drone  
  20  1:48  Drone  
  21  1:58  Queen x2  
  21  1:59  Drone x2  
  27  2:11  Overlord, Drone  
  28  2:22  Hatchery, Drone  
  28  2:26  Metabolic Boost  
  28  2:29  Drone  
  29  2:31  Drone  
  29  2:33  Drone  
  31  2:40  Queen  
  31  2:43  Overlord  
  33  2:46  Drone  
  34  2:53  Drone x2  
  36  3:03  Drone  
  36  3:04  Drone  
  38  3:08  Drone  
  38  3:09  Drone x2  
  38  3:11  Queen  
  43  3:14  Overlord  
  43  3:16  Extractor  
  43  3:17  Queen  
  45  3:27  Overlord  
  45  3:33  Queen  
  47  3:34  Drone x3  
  47  3:36  Zergling x2  
  47  3:37  Drone x3  
  54  3:44  Overlord  
  54  3:46  Drone  
  54  3:47  Queen  
  57  3:50  Drone x2  
  57  3:54  Queen  
  61  3:56  Drone  
  61  3:57  Drone  
  61  4:01  Overlord  
  62  4:05  Drone x2  
  64  4:11  Queen  
  64  4:14  Zergling x10  
  71  4:21  Zergling x4  
  71  4:23  Drone x4  
  77  4:26  Queen  
  77  4:28  Overlord  
  79  4:32  Lair  
  79  4:37  Drone x3  
  82  4:41  Overlord  
  82  4:43  Extractor  
  82  4:45  Baneling Nest  
  80  4:46  Drone x6  
  80  4:49  Drone  
  86  4:55  Overlord  
  86  4:58  Drone x3  
  86  4:59  Spore Crawler  
  88  5:00  Spore Crawler x2  
  88  5:01  Drone  
  88  5:05  Zergling x2  
  88  5:06  Zergling x8  
  92  5:10  Extractor  
  92  5:11  Extractor  
  92  5:12  Drone x4  
  94  5:19  Overlord  
  94  5:22  Hatchery  
  94  5:24  Drone x2  
  95  5:29  Centrifugal Hooks  
  95  5:32  Evolution Chamber  
  95  5:33  Evolution Chamber  
  95  5:34  Drone x6  
  99  5:36  Extractor  
  99  5:37  Overlord  
  99  5:38  Overlord  
  99  5:41  Overlord  
  98  5:43  Drone x3  
  98  5:45  Drone  
  98  5:46  Drone  
  103  5:51  Overlord  
  103  5:56  Overlord  
  103  5:59  Zerg Ground Armor Level 1, Zerg Melee Weapons Level 1  
  103  6:05  Zergling x16  
  103  6:09  Burrow  
  111  6:18  Overlord  
  111  6:19  Zergling x8  
  111  6:24  Hatchery, Zergling x4  
  116  6:30  Drone  
  116  6:31  Overlord, Drone  
  116  6:32  Hatchery  
  117  6:33  Baneling x3  
  117  6:34  Baneling x2  
  117  6:36  Baneling x3  
  117  6:38  Baneling x3  
  116  6:48  Baneling x8  
  116  6:49  Zergling x14  
  123  6:56  Zergling x14  
  128  7:04  Zergling x12  
  128  7:05  Zergling x2  
  134  7:08  Zergling x2  
  134  7:09  Zergling x10  
  125  7:19  Overlord  
  125  7:20  Drone x3  
  114  7:32  Drone x2  
  114  7:33  Drone x6  
  128  7:37  Drone x6  
  128  7:40  Drone  
  129  7:50  Overlord, Drone x5  
  134  7:56  Overlord  
  133  7:59  Zerg Melee Weapons Level 2, Zerg Ground Armor Level 2  
  133  8:02  Baneling x6  
  133  8:05  Zergling x18  
  142  8:13  Drone x9  
  142  8:19  Zergling x12  
  153  8:26  Overlord  
  153  8:27  Drone x2  
  153  8:30  Spore Crawler  
  153  8:33  Drone x4  
  157  8:34  Spore Crawler  
  157  8:35  Spore Crawler  
  157  8:36  Drone  
  157  8:38  Baneling x5  
  156  8:43  Extractor  
  156  8:44  Infestation Pit, Hatchery  
  154  8:48  Zergling x20  
  154  8:51  Baneling x5  
  161  9:10  Zergling x34  
  161  9:12  Hatchery  
  161  9:13  Drone x3  
  161  9:15  Baneling x6  
  180  9:20  Hatchery  
  179  9:24  Overlord  
  179  9:25  Overlord  
  179  9:31  Overlord  
  178  9:33  Overlord x3, Spore Crawler  
  178  9:34  Spore Crawler, Hive  
  175  9:46  Baneling x10  
  173  9:57  Zergling x36  
  191  10:01  Spore Crawler  
  189  10:07  Spore Crawler  
  178  10:20  Zergling x20  
  178  10:21  Zergling x24, Drone  
  195  10:43  Spore Crawler  
  195  10:46  Zerg Ground Armor Level 3, Adrenal Glands, Zerg Melee Weapons Level 3  
  195  10:48  Hatchery  
  193  10:51  Viper x2, Spore Crawler  
  193  10:53  Spine Crawler  
  193  10:54  Baneling x6  
  193  10:55  Baneling x8  
  197  11:00  Baneling x7  
  197  11:01  Baneling  
  197  11:02  Baneling x25  
  197  11:06  Baneling x3  
  197  11:07  Zergling x4  
  199  11:15  Hydralisk Den  
  199  11:16  Drone  
  199  11:18  Extractor  
  199  11:20  Extractor  
  197  11:26  Spore Crawler  
  194  11:34  Zergling x14  
  197  11:46  Hatchery  
  195  11:49  Pneumatized Carapace, Lurker Den  
  195  11:50  Overseer  
  195  11:52  Nydus Network  
  191  11:55  Drone x3  
  188  12:05  Zergling x46  
  198  12:32  Overseer x3  
  198  12:34  Baneling x17  
  198  12:42  Spore Crawler  
  198  12:43  Drone x7  
  185  12:44  Spore Crawler  
  185  12:45  Spore Crawler x2  
  164  12:54  Zergling x2  
  164  12:55  Zergling x58  
  186  13:05  Seismic Spines, Hydralisk x3  
  184  13:06  Hydralisk  
  185  13:16  Drone x3  
  185  13:17  Drone x6  
  192  13:20  Drone x2  
  192  13:24  Drone x4  
  198  13:27  Zerg Missile Weapons Level 1  
  198  13:32  Drone x2  
  200  13:37  Overseer  
  200  14:00  Overseer x3  
  200  14:02  Adaptive Talons, Baneling x28  
  199  14:42  Lurker x4  
  184  14:49  Drone x3  
  184  14:50  Drone x3  
  174  14:52  Zergling x2  
  174  14:53  Zergling x50  
  199  15:02  Nydus Canal  
  195  15:08  Drone x3  
  195  15:09  Drone x3  
  195  15:11  Overseer, Zergling x2  
  195  15:12  Zergling x10  
  183  15:35  Zergling x60  
  165  15:48  Zergling x2  
  165  15:49  Zergling x28  
  169  16:01  Zergling x18  
  162  16:05  Baneling x31  
  162  16:08  Nydus Canal  
  162  16:10  Hydralisk x4  
  170  16:11  Hydralisk  
  170  16:13  Hydralisk  
  174  16:24  Zerg Missile Weapons Level 2  
  173  16:26  Drone  
  173  16:27  Drone x8  
  172  16:47  Lurker x5  
  172  16:49  Muscular Augments  
  172  16:52  Baneling x2, Nydus Canal  
  177  16:56  Hydralisk x8  
  177  17:01  Drone x2  
  191  17:17  Hatchery  
  191  17:21  Zergling x4  
  191  17:22  Zergling x40  
  185  17:32  Zergling x24  
  185  17:36  Overseer  
  195  17:45  Zergling x10  
  192  18:00  Grooved Spines, Nydus Canal  
  192  18:05  Viper x3  
  197  18:09  Extractor  
  183  18:22  Zergling x38  
  187  18:28  Zergling x32  
  195  18:44  Nydus Canal  
  179  18:49  Zergling x12  
  179  18:50  Zergling x24  
  183  18:56  Zergling x14  
  183  19:00  Baneling x35  
  182  19:05  Hydralisk x5  
  191  19:15  Overseer  
  189  19:23  Zergling x22  
  189  19:35  Hatchery, Drone x7  
  193  19:41  Drone x2  
  193  19:43  Drone x3  
  198  19:46  Drone  
  189  19:56  Drone x2  
  183  20:01  Drone x3  
  183  20:02  Drone x3  
  183  20:04  Zergling x2  
  183  20:06  Zergling x2  
  183  20:07  Zergling x12  
  197  20:09  Overseer x2  
  197  20:10  Overseer  
  163  20:42  Zergling x46  
  181  20:49  Zergling x32  
  195  20:51  Baneling x13  
  195  20:52  Baneling  
  148  21:22  Hatchery  
  145  21:28  Hydralisk x11  
  147  21:38  Zergling x20  
  151  21:45  Zergling x14  
  151  22:08  Zergling x28  
  154  22:15  Zergling x14  
  154  22:16  Zergling x18  
  160  22:28  Zergling x2  
  160  22:29  Zergling x18  
  153  22:51  Hydralisk  
  153  22:52  Hydralisk x7  
  165  23:04  Hydralisk x2  
  169  23:06  Overlord x5  
  169  23:16  Hatchery  
  169  23:18  Overlord  
  167  23:31  Zergling x6  
  167  23:32  Zergling x2  
  167  23:33  Zergling x26  
  186  23:38  Extractor  
  186  23:40  Extractor  
  166  24:06  Hydralisk  
  166  24:07  Hydralisk x9  
  184  24:13  Zergling x2  
  184  24:14  Zergling x4  
  185  24:22  Baneling x10, Lurker x2  
  182  24:32  Zergling x16  
  169  24:40  Zergling x8  
  151  25:03  Drone x8  
  151  25:13  Drone x11  
  162  25:17  Hatchery  
  159  25:26  Hydralisk x7  
  174  25:42  Spawning Pool  
  168  26:04  Hydralisk x12  
  154  26:33  Zergling x18  
  154  26:34  Drone x7  
  145  26:41  Drone x7  
  145  26:42  Zergling x10  
  148  26:55  Zergling x2  
  148  26:56  Zergling x8  
  148  27:00  Hatchery  
  152  27:05  Zergling x10  
  157  27:09  Lair  
  157  27:11  Drone x3  
  157  27:12  Drone  
  160  27:26  Zergling x12  
  163  27:41  Drone x3  
  165  27:45  Overseer  
  165  27:48  Zergling x2  
  165  27:49  Zergling x12  
  172  27:58  Hatchery  
  172  28:04  Baneling Nest, Zergling x18  
  179  28:06  Hatchery  
  174  28:24  Zergling x20  
  167  28:50  Zergling x24  
  167  28:55  Zergling x8  
  164  29:13  Zergling x18  
  146  29:24  Zergling x12  
  120  29:33  Hydralisk x2  
  120  29:34  Hydralisk x4  
  120  29:38  Hydralisk  
  120  29:46  Zergling x8  
  120  29:47  Zergling x2  
  120  29:50  Baneling x25  
  120  29:52  Zergling x8  
  130  29:58  Overseer  
  130  29:59  Overseer x2  
  128  30:00  Zergling x10  
  130  30:10  Zergling x2  
  130  30:11  Zergling x14  
  138  30:15  Hatchery  
  138  30:17  Extractor  
  136  30:21  Infestation Pit, Zergling x4  
  136  30:22  Extractor  
  133  30:31  Extractor  
  133  30:34  Zergling x20  
  142  30:42  Zergling x2  
  142  30:43  Zergling x6  
  146  31:03  Zergling x26  
  159  31:05  Overlord x2  
  159  31:06  Pathogen Glands  
  155  31:27  Overlord  
  152  31:36  Infestor x8  
  152  31:38  Extractor  
  165  31:40  Extractor  
  140  31:47  Zergling x2  
  140  31:48  Zergling x36  
  158  32:03  Infestor  
  158  32:04  Infestor x2  
  161  32:18  Neural Parasite  
  161  32:23  Hydralisk  
  161  32:24  Hydralisk x3  
  161  32:27  Extractor  
  161  32:28  Extractor  
  167  32:32  Hydralisk x2  
  167  32:33  Infestor x3, Hydralisk  
  167  32:34  Infestor x5  
  171  32:51  Overseer  
  171  32:53  Infestor x2  
  171  33:05  Zergling x28  
  157  33:16  Zergling x12  
  139  33:36  Zergling x18  
  139  33:39  Zergling x4  
  121  33:49  Zergling x8  
  116  34:06  Zergling x14  
  116  34:08  Zergling x2  
  112  34:10  Zergling x2  
  112  34:12  Infestor x10  
  113  34:22  Infestor x2  
  117  34:26  Infestor  
  119  34:31  Infestor  
  119  34:37  Infestor  
  122  34:46  Infestor  
Show
View Real Time Build Order
Export as new Build Order

Spirit Terran - Winner!

Build Orders: Command Center First, Hellion Banshee 

Get SALT Encoding   

  12  0:00  SCV  
  13  0:12  SCV  
  14  0:17  Supply Depot  
  14  0:24  SCV  
  15  0:38  SCV  
  16  0:50  SCV  
  17  0:58  Command Center  
  17  1:02  SCV  
  18  1:12  Barracks  
  18  1:15  SCV  
  19  1:21  Refinery  
  19  1:27  SCV  
  19  1:28  Refinery  
  20  1:39  SCV  
  21  1:52  SCV  
  22  1:59  Marine  
  23  2:04  Orbital Command  
  23  2:09  Orbital Command  
  23  2:16  Marine  
  23  2:17  Factory  
  24  2:31  SCV  
  24  2:35  SCV  
  24  2:36  Barracks Reactor  
  26  2:43  SCV  
  27  2:47  SCV  
  28  2:52  Command Center  
  28  2:55  SCV  
  29  2:59  SCV  
  29  3:02  Starport  
  30  3:07  SCV  
  30  3:11  SCV  
  32  3:16  Hellion x2  
  32  3:17  Supply Depot  
  36  3:20  SCV  
  36  3:22  Barracks Tech Lab  
  36  3:23  SCV  
  38  3:31  Supply Depot  
  38  3:38  SCV x2  
  38  3:39  Hellion x2  
  44  3:48  Barracks Tech Lab  
  44  3:50  SCV x2  
  44  3:52  Banshee  
  49  4:00  Hellion x2  
  53  4:03  SCV  
  53  4:04  Orbital Command  
  53  4:07  Marine, Stimpack  
  53  4:09  SCV  
  56  4:15  SCV  
  57  4:21  SCV  
  58  4:27  SCV  
  58  4:28  Barracks  
  58  4:29  Barracks, Factory Reactor, Refinery  
  59  4:31  Refinery  
  59  4:32  SCV  
  59  4:33  SCV  
  61  4:39  SCV  
  61  4:43  Starport Reactor  
  61  4:45  SCV  
  63  4:46  SCV, Supply Depot  
  63  4:47  Engineering Bay  
  63  4:48  Engineering Bay  
  63  4:51  SCV  
  65  4:56  Orbital Command  
  65  4:57  SCV  
  67  5:03  SCV  
  67  5:09  SCV  
  67  5:10  Marine  
  67  5:11  Command Center  
  69  5:14  Terran Infantry Armor Level 1, Terran Infantry Weapons Level 1  
  69  5:15  SCV  
  69  5:17  Supply Depot  
  69  5:18  Marine x2  
  72  5:21  SCV  
  72  5:22  SCV  
  72  5:24  Marine x2  
  72  5:27  SCV  
  77  5:38  Medivac x2, Marine x2, SCV x2  
  77  5:40  Supply Depot  
  77  5:41  Marine  
  77  5:42  Marine, SCV  
  87  5:44  Marine  
  87  5:46  Siege Tank  
  87  5:47  Combat Shield  
  90  5:50  Bunker, SCV x2  
  90  5:55  SCV  
  93  6:00  Supply Depot  
  93  6:01  Marine x4  
  93  6:02  SCV x2, Supply Depot  
  99  6:06  Marine  
  99  6:07  SCV  
  101  6:14  Supply Depot  
  101  6:19  Armory  
  101  6:20  Barracks  
  101  6:21  Barracks, Marine  
  101  6:22  SCV x2  
  101  6:23  SCV  
  105  6:25  Marine  
  105  6:27  Marine  
  105  6:31  Refinery x2  
  107  6:32  Supply Depot  
  107  6:34  SCV  
  107  6:36  Marine, Supply Depot  
  107  6:37  SCV  
  107  6:39  Marine, SCV  
  111  6:42  Marine  
  111  6:43  Factory  
  111  6:44  Marine  
  111  6:46  Siege Tank  
  117  6:49  Marine, SCV  
  117  6:51  SCV  
  117  6:53  Marine  
  121  6:57  Marine  
  121  6:58  SCV  
  121  7:00  Marine  
  124  7:01  Supply Depot  
  124  7:02  Marine  
  124  7:06  Concussive Shells, SCV  
  124  7:07  Marine, SCV  
  128  7:09  Marine x2  
  128  7:11  Marine  
  128  7:15  Marine  
  130  7:16  Planetary Fortress  
  130  7:18  Marine  
  130  7:19  Marine  
  130  7:21  SCV  
  134  7:24  Marine  
  134  7:28  SCV  
  134  7:29  Marine  
  129  7:30  SCV  
  129  7:31  Supply Depot  
  129  7:33  Marine, Factory Tech Lab  
  129  7:35  Terran Infantry Weapons Level 2, Terran Infantry Armor Level 2  
  129  7:36  Supply Depot  
  129  7:37  Barracks Reactor, Barracks Tech Lab  
  129  7:38  Terran Vehicle Weapons Level 1  
  129  7:39  SCV  
  129  7:40  SCV  
  129  7:43  Marine, SCV  
  131  7:45  Medivac  
  131  7:46  Medivac  
  131  7:48  Marine  
  131  7:51  SCV  
  137  7:52  SCV  
  137  7:55  SCV  
  137  7:57  Marine x4  
  136  7:59  Siege Tank  
  136  8:01  Marine  
  136  8:03  SCV  
  141  8:06  Siege Tank  
  141  8:07  Marine  
  140  8:13  SCV x2  
  140  8:14  Marine  
  140  8:15  Medivac, Marauder x2  
  140  8:16  Medivac  
  150  8:20  Supply Depot  
  150  8:22  Supply Depot  
  150  8:24  Command Center  
  150  8:25  Marine  
  151  8:31  Siege Tank  
  154  8:36  SCV x2  
  154  8:37  Sensor Tower  
  154  8:38  Siege Tank  
  154  8:39  Supply Depot  
  154  8:40  Marine  
  154  8:41  Marauder  
  162  8:47  Barracks  
  162  8:48  Barracks  
  162  8:50  Barracks  
  162  8:55  Supply Depot  
  162  8:59  Ghost Academy  
  162  9:04  Siege Tank  
  162  9:06  Marine  
  162  9:07  Marauder  
  167  9:10  Siege Tank, Liberator x2  
  176  9:17  Refinery x2  
  176  9:19  Marauder, Marine  
  176  9:21  Command Center  
  179  9:25  Marine  
  179  9:28  Marauder  
  180  9:35  Command Center, SCV  
  180  9:36  Siege Tank  
  180  9:39  Marine  
  180  9:41  Marauder  
  180  9:42  Siege Tank  
  186  9:49  Ghost  
  187  9:53  Medivac x2  
  187  9:58  Marine  
  192  10:01  Marine, Ghost, Barracks Tech Lab x3  
  195  10:08  Siege Tank  
  195  10:11  Marine x4  
  185  10:14  Siege Tank  
  185  10:16  Marine  
  185  10:18  Marauder  
  185  10:21  Marauder, Marine  
  194  10:22  Marine  
  194  10:28  Planetary Fortress  
  193  10:31  Marauder, Marine x3  
  193  10:32  Marauder  
  200  10:36  Orbital Command  
  200  10:42  Sensor Tower, Refinery  
  197  10:43  Siege Tank, Missile Turret  
  197  10:44  Refinery, Missile Turret  
  197  10:45  Missile Turret  
  200  10:57  Command Center  
  200  11:00  Command Center  
  200  11:04  Orbital Command  
  200  11:09  Command Center  
  200  11:10  Terran Infantry Weapons Level 3  
  200  11:17  Terran Infantry Armor Level 3  
  200  11:31  Command Center  
  200  11:41  Personal Cloaking  
  200  11:42  Terran Vehicle Weapons Level 2  
  200  11:44  Armory  
  200  11:49  Command Center  
  200  11:52  Command Center  
  196  12:01  Ghost  
  193  12:12  Ghost Academy, Orbital Command x2  
  193  12:14  Liberator x2  
  199  12:18  Starport  
  199  12:20  Fusion Core  
  199  12:28  Command Center  
  196  12:46  Ghost  
  196  12:50  Ghost  
  182  12:51  Ghost  
  175  13:01  Ghost x2  
  175  13:03  Siege Tank  
  180  13:07  Nuke  
  180  13:08  Siege Tank  
  180  13:10  Liberator x2, Advanced Ballistics, Starport Reactor  
  180  13:11  Terran Vehicle And Ship Armor Level 1  
  173  13:13  Orbital Command  
  173  13:15  Ghost  
  173  13:17  Orbital Command  
  173  13:19  Ghost  
  176  13:21  Marine x3, Ghost  
  176  13:22  Marine x3  
  176  13:27  Missile Turret  
  182  13:30  Marauder, Marine  
  182  13:34  Nuke  
  185  13:35  Siege Tank  
  185  13:39  Marine x4  
  192  13:43  Ghost  
  192  13:44  Orbital Command  
  192  13:47  Ghost  
  196  13:49  Liberator  
  199  13:57  Hi-Sec Auto Tracking, Neosteel Armor  
  199  14:24  Siege Tank  
  196  14:29  Ghost x2  
  192  14:46  Siege Tank  
  195  14:56  Siege Tank  
  195  14:57  Medivac  
  200  15:11  Marauder, Marine  
  198  15:15  Marauder  
  198  15:17  Marauder  
  200  15:27  Marine  
  200  15:28  Siege Tank  
  200  15:31  Marine  
  200  15:32  Marine x6  
  200  15:34  Siege Tank  
  183  15:35  Marine  
  183  15:38  Marine  
  176  15:44  Marine  
  176  15:46  Medivac x4  
  176  15:48  Marine  
  180  15:50  Marine x5  
  180  15:51  Marauder  
  180  15:52  Missile Turret  
  180  15:53  Marine  
  180  15:55  Marine  
  189  16:00  Siege Tank  
  189  16:01  Orbital Command  
  189  16:02  Marine  
  193  16:06  Siege Tank, Marine  
  193  16:08  Marine x3  
  200  16:28  Sensor Tower  
  200  16:37  Command Center  
  197  16:42  Refinery  
  197  16:43  Refinery  
  197  16:45  Marauder, Marine  
  199  16:47  Marine  
  199  16:50  Marine  
  199  16:51  Marauder  
  194  17:17  Terran Vehicle And Ship Armor Level 2  
  194  17:18  Terran Vehicle Weapons Level 3  
  186  17:26  Siege Tank, Marine  
  186  17:27  Marauder  
  186  17:28  Marauder, Marine  
  186  17:29  Nuke  
  190  17:30  Nuke  
  190  17:31  Siege Tank  
  190  17:34  Viking x2  
  190  17:35  Marauder, Marine  
  199  17:48  Marauder  
  199  17:52  Marauder, Marine  
  199  17:54  Barracks Tech Lab  
  199  17:55  Barracks Tech Lab  
  199  17:58  Barracks  
  199  17:59  Barracks  
  199  18:10  Orbital Command  
  184  18:21  Siege Tank  
  184  18:22  Marauder, Marine  
  184  18:23  Marauder x5, Marine x3  
  169  18:40  Marine  
  169  18:41  Marine x3  
  171  18:44  Marauder x2, Marine x2  
  171  18:45  Marauder x2  
  181  18:52  Liberator x4  
  181  18:53  Siege Tank  
  193  18:57  Marine  
  193  18:58  Marine  
  193  18:59  Marine x2  
  193  19:02  Marine  
  197  19:03  Marauder  
  197  19:04  Marine  
  197  19:06  Marauder  
  200  19:20  Marauder  
  200  19:28  Orbital Command  
  200  19:36  Refinery  
  200  19:38  Refinery  
  200  19:41  Planetary Fortress, Sensor Tower  
  200  19:42  Missile Turret  
  200  19:51  Ghost  
  192  19:59  Sensor Tower, Liberator  
  193  20:00  Liberator  
  193  20:02  Ghost x2  
  193  20:07  Barracks Tech Lab  
  197  20:08  Barracks Reactor  
  197  20:11  Barracks Tech Lab  
  196  20:16  Siege Tank  
  184  20:43  Liberator x4, Factory Tech Lab  
  184  20:48  Siege Tank  
  199  20:52  Marine  
  200  21:01  Marauder  
  200  21:11  Siege Tank  
  182  21:13  Marine  
  182  21:14  Marauder, Marine  
  182  21:17  Marine  
  182  21:18  Marauder  
  179  21:20  Marauder, Siege Tank, Marine  
  179  21:23  Marine x5  
  179  21:24  Marauder  
  186  21:25  Liberator  
  186  21:26  Liberator x3  
  186  21:31  Marine  
  186  21:32  Marine  
  190  21:35  Marine x2  
  190  21:38  Ghost  
  194  21:41  Ghost x3  
  183  22:28  Orbital Command  
  177  22:31  Orbital Command  
  177  22:34  Siege Tank  
  177  22:35  Marine  
  177  22:36  Marauder  
  177  22:42  Siege Tank, Marauder, Marine x5  
  187  22:47  Liberator  
  190  23:06  Siege Tank  
  190  23:09  Sensor Tower, Missile Turret  
  193  23:14  Siege Tank  
  193  23:26  Ghost x3  
  197  23:34  Command Center  
  197  23:38  Siege Tank  
  199  23:52  Marine  
  200  24:01  Orbital Command  
  200  24:02  Siege Tank  
  185  24:05  Medivac x3, Marine  
  185  24:06  Marauder, SCV  
  185  24:07  SCV x2  
  185  24:09  Refinery  
  195  24:10  Refinery  
  195  24:11  Bunker  
  195  24:12  Marine x7  
  195  24:13  Marauder  
  195  24:24  Siege Tank  
  195  24:25  Marauder x2, Marine x2  
  195  24:28  Marine  
  196  24:39  Medivac  
  196  24:41  Marine  
  199  24:45  Marine  
  199  24:49  Marauder  
  199  24:50  Marine, Orbital Command  
  199  25:00  Medivac  
  199  25:04  Missile Turret  
  199  25:05  Sensor Tower  
  195  25:08  Medivac, Marine  
  195  25:09  Marauder  
  200  25:37  Refinery  
  200  25:38  Refinery  
  200  25:47  Command Center  
  200  26:00  Supply Depot  
  200  26:01  Supply Depot  
  194  26:24  Siege Tank x2  
  160  26:25  Marauder  
  160  26:31  Marauder, Marine  
  155  26:36  Ghost x2  
  155  26:39  Ghost x2  
  154  26:43  Marauder, Marine x5  
  154  26:46  Marine  
  163  26:48  Marine  
  163  26:49  Orbital Command  
  163  26:52  Marine  
  165  26:56  Siege Tank  
  165  27:01  Marine x5  
  169  27:04  Marine  
  169  27:05  Marauder, Marine  
  177  27:11  SCV  
  177  27:12  SCV x4  
  177  27:14  Refinery  
  182  27:17  Refinery  
  179  27:32  Ghost  
  168  27:50  Ghost  
  170  27:54  Planetary Fortress  
  170  27:57  Refinery  
  170  28:12  Missile Turret  
  166  28:23  Planetary Fortress  
  166  28:36  Missile Turret  
  166  28:40  Siege Tank  
  166  28:41  Marine  
  166  28:50  Marine  
  166  28:51  Marauder, Supply Depot  
  169  28:58  SCV x3  
  173  29:08  Command Center  
  169  29:10  SCV x3  
  172  29:22  SCV x3  
  158  29:34  SCV x3  
  151  29:46  SCV x3  
  151  29:47  Orbital Command  
  154  29:58  SCV  
  154  29:59  SCV x2  
  157  30:00  Siege Tank  
  157  30:06  Ghost  
  160  30:10  Refinery, SCV  
  160  30:11  SCV x2  
  160  30:12  SCV  
  166  30:17  SCV  
  167  30:21  Missile Turret  
  167  30:23  SCV x3  
  167  30:24  SCV  
  171  30:29  SCV  
  171  30:32  Siege Tank  
  171  30:35  SCV  
  176  30:36  SCV  
  177  30:44  SCV  
  177  30:46  Refinery  
  177  30:48  SCV  
  177  30:49  SCV  
  180  30:52  Marauder, Marine x2  
  184  31:01  SCV  
  185  31:05  Siege Tank  
  191  31:13  Supply Depot  
  191  31:15  Barracks Tech Lab  
  191  31:16  Ghost  
  190  31:21  Ghost  
  184  31:27  Missile Turret  
  183  31:37  Siege Tank  
  183  31:44  Ghost x2  
  183  31:46  Marauder, Marine  
  175  31:52  Marauder  
  177  32:06  Planetary Fortress, Refinery  
  177  32:09  Siege Tank  
  177  32:14  Missile Turret  
  180  32:22  Ghost, SCV x4  
  184  32:28  Marine  
  184  32:29  Marauder  
  189  32:34  SCV  
  190  32:39  Factory Tech Lab  
  190  32:46  SCV  
  195  32:59  SCV  
  195  33:01  Viking x4  
  185  33:06  Ghost  
  185  33:11  SCV  
  188  33:14  Refinery  
  188  33:23  Ghost  
  188  33:25  Missile Turret  
  188  33:30  Missile Turret  
  188  33:31  Viking  
  174  33:36  Marine, Ghost  
  174  33:37  Marauder  
  174  33:41  Siege Tank  
  165  33:44  Marauder, Marine  
  165  33:45  Marine  
  165  33:47  Marine  
  170  33:49  Siege Tank  
  167  34:07  Liberator x3  
  171  34:13  Siege Tank  
  171  34:16  Marauder  
  176  34:21  Siege Tank  
  176  34:23  Ghost  
  181  34:25  Marine  
  181  34:26  Marauder, Marine  
  181  34:27  Marine  
  186  34:38  Marauder  
  188  34:42  Missile Turret  
  188  34:58  Marine  
  188  34:59  Marauder  
  194  35:16  Missile Turret  
Tags
 
Add a new tag
Caveats
  • Supply blocks, unpowered buildings, or Contaminate may cause inaccurate times.
  • Supply counts are checked every 10 seconds.